 Dungeon Crawl Stone Soup version 0.31.0-32-g396128a36d (webtiles) character file.

Game seed: 6999255710220840349

408 Ijustatesigmund the Conjurer (level 6, -3/93 HPs)
             Began as an Oni Conjurer on Mar 12, 2024.
             Was an Initiate of Cheibriados.
             Slain by a hornet (6 damage)
             ... on level 4 of the Dungeon.
             The game lasted 00:04:21 (3219 turns).

Ijustatesigmund the Conjurer (Oni Conjurer)         Turns: 3219, Time: 00:04:21

Health: -3/93      AC:  4    Str: 13    XL:     6   Next: 88%
Magic:  8/12       EV:  9    Int: 28    God:    Cheibriados [......]
Gold:   123        SH:  0    Dex:  8    Spells: 10/13 levels left

rFire   + . .        d - +2 whip (pain)
rCold   . . .        (no shield)
rNeg    . . .        a - +0 robe
rPois   .            (helmet restricted)
rElec   .            g - +0 cloak
rCorr   .            (gloves unavailable)
SInv    .            (boots unavailable)
Will    .....        (no amulet) Stlth
                     k - +6 ring of intelligence
HPRegen 0.35/turn    q - ring of protection from fire
MPRegen 0.13/turn

%: no passive effects
@: berserking (expiring), lethally poisoned (-3 -> -23), slowed, very slow
A: large, unfitting armour, horns 1, tough skin 1, double potion healing,
drunken brawling
a: Renounce Religion


You were on level 4 of the Dungeon.
You worshipped Cheibriados.
Cheibriados was noncommittal.
You visited 1 branch of the dungeon, and saw 4 of its levels.

You collected 123 gold pieces.

Inventory:

Hand Weapons
 d - a +2 whip of pain (weapon)
 t - a +0 flail
Armour
 a - a +0 robe (worn)
 g - a +0 cloak (worn)
Jewellery
 k - a +6 ring of intelligence (left hand)
 q - a ring of protection from fire (right hand)
Scrolls
 c - 2 scrolls of teleportation {unknown}
 e - a scroll of amnesia {unknown}
 f - a scroll of brand weapon {unknown}
 h - a scroll of enchant weapon {unknown}
 i - a scroll of torment {unknown}
 l - a scroll of fog {unknown}
 n - 4 scrolls of identify {unknown}
 o - a scroll of noise {unknown}
 u - a scroll of revelation {unknown}
 v - a scroll of vulnerability {unknown}
Potions
 b - a potion of magic
 j - 2 potions of heal wounds {unknown}
 p - a potion of mutation {unknown}
 r - a potion of enlightenment {unknown}
 s - a potion of curing {unknown}


   Skills:
 + Level 4.1 Fighting
 + Level 2.9 Maces & Flails
 - Level 1.7 Dodging
 - Level 1.4 Stealth
 + Level 4.3 Spellcasting
 + Level 4.7 Conjurations
 + Level 1.2 Invocations


You had 10 spell levels left.
You knew the following spells:

 Your Spells              Type           Power      Damage    Failure   Level
a - Magic Dart            Conj           100%       1d8       1%          1
b - Searing Ray           Conj           64%        2d6       1%          2

Your spell library contained the following spells:

 Spells                   Type           Power      Damage    Failure   Level
 Sting                    Conj/Alch      76%        1d7       2%          1
 Apportation              Tloc           12%        N/A       7%          1
 Necrotise                Necr           24%        1d5       7%          1
 Summon Small Mammal      Summ           24%        N/A       7%          1
 Fulminant Prism          Conj/Alch      9%         3d7       26%         4
 Iskenderun's Mystic Bla  Conj/Tloc      19%        2d6       26%         4
 Animate Dead             Necr           6%         N/A       56%         4
 Haunt                    Necr/Summ      3%         N/A       100%        7
 Infestation              Necr           3%         N/A       100%        8


Dungeon Overview and Level Annotations

Branches:
Dungeon (4/15)
 Temple: D:4-7

Altars:
Cheibriados
Makhleb


Innate Abilities, Weirdness & Mutations

You are too large for most types of armour.
You have a pair of small horns on your head.
You have tough skin. (AC +1)
You gain doubled healing and magic from potions.
Whenever you drink a healing potion, you attack all around you.


Message History

The hornet stings you.
You are poisoned.
You feel as though you will be slow longer.
The hornet closely misses you. The hornet stings you!
You feel as though you will be slow longer.
You hit the hornet.
The hornet is almost dead.
You feel very sick. The hornet stings you.
You feel as though you will be slow longer.
The hornet barely misses you.
You miss the hornet.
The hornet is almost dead.
You feel sick. The hornet closely misses you. The hornet stings you!
You are more poisoned.
You feel as though you will be slow longer.
You closely miss the hornet.
The hornet is almost dead.
You feel very sick. The hornet stings you.
You suddenly lose the ability to move!
The hornet stings you!
You are more poisoned.
You feel as though you will be slow longer.
You can move again.
You barely miss the hornet.
The hornet is almost dead.
You feel very sick. The hornet stings you!
* * * LOW HITPOINT WARNING * * *
You shrug off the repeated paralysis!
The hornet stings you!
* * * LOW HITPOINT WARNING * * *
You are more poisoned.
You shrug off the repeated paralysis!
You are too berserk!
You closely miss the hornet.
The hornet is almost dead.
* * * LOW HITPOINT WARNING * * *
You feel very sick. The hornet stings you.
You die...

.........# ...#.#.#.####
...#.#.#....#
...#.#.#.##.#
...#.#.#.##.####
...............###
.##..#.#.####....# #
.##....#.# #....#.#####
...†.....####...@y......
.##†####.........#####.#
#<.....####....#
######.# #....# #....#
#....# #.#### #.# #.#


You could see a hornet.

Vanquished Creatures
  Grinder (D:3)
  A scorpion (D:4)
  An orc priest (D:3)
  A jelly (D:4)
  3 adders
  3 dart slugs (D:1)
  2 ribbon worms
  3 orcs (D:3)
  3 ball pythons
  6 endoplasms
  4 giant cockroaches
  2 goblins (D:3)
  6 hobgoblins
  4 jackals (D:3)
  5 kobolds
  A quokka (D:4)
  5 bats
  6 frilled lizards
  A rat (D:2)
58 creatures vanquished.

Notes
Turn   | Place    | Note
-------+----------+-------------------------------------------
     0 | D:1      | Ijustatesigmund the Oni Conjurer began the quest for the
                  | Orb.
     0 | D:1      | Reached XP level 1. HP: 16/16 MP: 3/3
   297 | D:1      | Reached skill level 1 in Fighting
   297 | D:1      | Reached XP level 2. HP: 16/27 MP: 0/5
   938 | D:2      | Reached XP level 3. HP: 33/33 MP: 0/7
  1011 | D:2      | Learned a level 2 spell: Searing Ray
  1270 | D:2      | Reached skill level 1 in Maces & Flails
  1737 | D:3      | Found a burning altar of Makhleb.
  1763 | D:3      | Reached XP level 4. HP: 42/42 MP: 4/8
  1804 | D:3      | Noticed Grinder
  1804 | D:3      | Paralysed by Grinder for 4 turns
  1824 | D:3      | Killed Grinder
  1825 | D:3      | Reached XP level 5. HP: 16/53 MP: 1/11
  1825 | D:3      | Reached XP level 6. HP: 19/61 MP: 1/12
  2573 | D:3      | Found a snail-covered altar of Cheibriados.
  2594 | D:3      | Became a worshipper of Cheibriados the Contemplative
  3001 | D:4      | Reached skill level 1 in Invocations
  3205 | D:4      | Noticed a hornet
  3217 | D:4      | Paralysed by a hornet for 1 turns
  3219 | D:4      | HP: 3/93 [poisoned by a hornet]
  3219 | D:4      | Slain by a hornet

Illustrated notes

Levels and vault maps discovered:
D:1:      dpeg_arrival_line_fractal, layout_loops_cross
D:2:      minmay_kobold_bridge, layout_basic, kennysheep_generic_room_8
D:3:      layout_loops_ring, slow_altar_2, bloody_makhleb, serial_bayou,
          serial_bayou_lagoon_b, serial_bayou_shore_a, serial_bayou_ford_a,
          serial_bayou_pond_d, minmay_misc_feat_enclosed, uniq_grinder
D:4:      layout_basic, minmay_temple_entry_arrows, hex_medium,
          nicolae_the_louvre

Skill      XL: |  1  2  3  4  5  6 |
---------------+-------------------+-----
Fighting       | 1 2 3 4 |  4.1
Spellcasting   | 3 4 |  4.3
Maces & Flails | 1 2 |  2.9
Conjurations   | 4 |  4.7
Invocations    | 1 |  1.2
Dodging        | |  1.7
Stealth        | |  1.4

Action                     |  1- 3 |  4- 6 || total
---------------------------+-------+-------++-------
  Melee: Whip              |    13 |    51 ||    64
         Headbutt          |     1 |     6 ||     7
         Punch             |       |     2 ||     2
   Cast: Magic Dart        |    59 |    36 ||    95
         Searing Ray       |       |     5 ||     5
    Use: Potion            |       |     2 ||     2
 Armour: Robe              |    14 |    52 ||    66
  Dodge: Dodged            |     8 |    37 ||    45
